 Dungeon Crawl Stone Soup version 0.31.0-11-ge490571c62 (webtiles) character file.

Game seed: 3291005278336523017

20829 Rassilon the Carver (level 12, -16/97 HPs)
             Began as a Demonspawn Monk on Jan 30, 2024.
             Was the Champion of Wu Jian.
             Demolished by a cane toad (30 damage)
             ... on level 2 of the Lair of Beasts.
             The game lasted 01:27:58 (10344 turns).

Rassilon the Carver (Demonspawn Monk)              Turns: 10344, Time: 01:27:58

Health: -16/97     AC:  9    Str: 12    XL:     12   Next: 48%
Magic:  22/22      EV: 28    Int: 12    God:    Wu Jian [******]
Gold:   681        SH:  0    Dex: 25    Spells: 22/25 levels left

rFire   . . .        J - +4 scimitar (flame)
rCold   + . .        (no shield)
rNeg    + . .        f - +4 robe of the Distant Future {^Contam rN+ Will+ rCorr}
rPois   .            b - +2 hat
rElec   .            E - +0 cloak
rCorr   +            (no gloves)
SInv    .            (no boots)
Will    ++...        j - amulet "Plog" {Faith ^Contam Dex+6}
Stlth   ++           M - ring of Plog {Fly rC+ Will+}
HPRegen 0.36/turn    I - +4 ring of slaying
MPRegen 0.18/turn

%: faith
@: agile, flying
A: repulsion field 2, foul stench 2, powered by pain 3, demonic touch 1
a: Renounce Religion, Wall Jump, Serpent's Lash, Heavenly Storm


You were on level 2 of the Lair of Beasts.
You worshipped Wu Jian.
Wu Jian was exalted by your worship.
You visited 3 branches of the dungeon, and saw 12 of its levels.
You also visited: Sewer.

You collected 681 gold pieces.

Inventory:

Hand Weapons
 J - a +4 scimitar of flaming (weapon)
Missiles
 z - a throwing net (quivered)
Armour
 b - a +2 hat (worn)
 f - the +4 robe of the Distant Future (worn) {^Contam rN+ Will+ rCorr}
   (You found it on level 1 of the Dungeon)

   rN+:       It protects you from negative energy.
   Will+:     It increases your willpower.
   ^Contam:   It causes magical contamination when unequipped.
   rCorr:     It protects you from acid and corrosion.
 s - an orb of mayhem
 C - a +2 robe of resistance
 E - a +0 cloak (worn)
Jewellery
 e - an amulet of guardian spirit
 j - the amulet "Plog" (around neck) {Faith ^Contam Dex+6}
   (You found it on level 4 of the Dungeon)

   [amulet of faith]

   Faith:     It allows you to gain divine favour quickly.
   Dex+6:     It affects your dexterity (+6).
   ^Contam:   It causes magical contamination when unequipped.
 k - a ring of protection from fire
 u - a +6 ring of intelligence
 v - a ring of see invisible
 D - a ring of protection from fire
 I - a +4 ring of slaying (right hand)
 M - the ring of Plog (left hand) {Fly rC+ Will+}
   (You found it on level 1 of the Lair of Beasts)

   [ring of willpower]

   rC+:       It protects you from cold.
   Will+:     It increases your willpower.
   Fly:       It grants you flight.
Talismans
 N - a serpent talisman
 O - a maw talisman
Wands
 m - a wand of roots (17)
 q - a wand of flame (30)
 t - a wand of light (8)
 A - a wand of polymorph (10)
Scrolls
 a - a scroll of enchant weapon {unknown}
 i - 3 scrolls of teleportation
 w - a scroll of vulnerability
 y - 2 scrolls of amnesia {unknown}
 B - 4 scrolls of blinking
 G - a scroll of revelation
 H - a scroll of enchant armour
 L - a scroll of identify
Potions
 c - 2 potions of ambrosia
 d - a potion of heal wounds
 g - 2 potions of enlightenment
 h - a potion of brilliance
 l - 6 potions of lignification
 n - 3 potions of resistance
 o - a potion of berserk rage
 p - 2 potions of cancellation
 r - 2 potions of might {unknown}
 x - a potion of mutation {unknown}
 F - a potion of invisibility {unknown}
 K - 2 potions of haste {unknown}
Miscellaneous
 P - a box of beasts


   Skills:
 - Level 10.0 Fighting
 * Level 12.6 Long Blades
 + Level 9.3 Dodging
 + Level 1.2 Unarmed Combat
 + Level 7.2 Spellcasting
 + Level 0.4 Evocations
 + Level 3.1 Shapeshifting


You had 22 spell levels left.
You knew the following spells:

 Your Spells              Type           Power      Damage    Failure   Level
a - Confusing Touch       Hex            4%         N/A       43%         3

Your spell library contained the following spells:

 Spells                   Type           Power      Damage    Failure   Level
 Kiss of Death            Conj/Necr      16%        2d6       16%         1
 Shock                    Conj/Air       16%        1d4       16%         1
 Slow                     Hex            16%        N/A       16%         1
 Static Discharge         Conj/Air       8%         3-4/arc   24%         2
 Sublimation of Blood     Necr           4%         N/A       24%         2
 Sigil of Binding         Hex            4%         N/A       43%         3
 Swiftness                Air            4%         N/A       43%         3
 Vampiric Draining        Necr           4%         2d6       43%         3
 Airstrike                Air            2%         2d(1-17)  85%         4
 Dispel Undead            Necr           4%         3d7       85%         4
 Petrify                  Alch/Erth      4%         N/A       85%         4
 Summon Lightning Spire   Summ/Air       4%         N/A       85%         4
 Irradiate                Conj/Alch      2%         3d12      99%         5


Dungeon Overview and Level Annotations

Branches:
Dungeon (9/15)             Temple (1/1) D:4            Lair (2/5) D:9
  Sewer (visited)
  Swamp: Lair:2-3    Shoals: Lair:2-3     Snake: Lair:2-3    Spider: Lair:2-3
    Orc: D:9-12

Altars:
Ashenzari
Cheibriados
Dithmenos
Fedhas
Gozag
Hepliaklqana
Kikubaaqudgha
Makhleb
Nemelex Xobeh
Okawaru
Qazlal
Ru
Sif Muna
Trog
Uskayaw
Vehumet
Wu Jian
Xom
Yredelemnul

Shops:
D:4 [

Annotations:
D:8 1 runed translucent door, mdonais's ghost, novice HuDe
D:9 2 runed translucent doors, Vila42's ghost, novice GrMo


Innate Abilities, Weirdness & Mutations

You are surrounded by a moderate repulsion field. (EV +3)
You sometimes emit foul miasma when damaged in melee.
You are powered by pain.
Your touch may inflict minor irresistible damage on your foes.


Message History

You kill the spriggan druid!
The Council accepts your kill.
You spin and attack the cane toad repeatedly.
You slash the cane toad! You burn the cane toad.
The cane toad is moderately wounded.
You hit the cane toad. You burn the cane toad.
The cane toad is heavily wounded.
You spin and attack the cane toad repeatedly.
You slash the cane toad! You burn the cane toad.
The cane toad is moderately wounded.
You hit the cane toad. You burn the cane toad.
The cane toad is moderately wounded.
You spin and attack the spriggan druid repeatedly.
You hit the spriggan druid but do no damage.
The spriggan druid is lightly wounded.
You miss the spriggan druid.
The spriggan druid is lightly wounded.
The cane toad stings you!!
* * * LOW HITPOINT WARNING * * *
The cane toad barely misses you.
The spriggan druid completely misses you.
The +1 spectral quarterstaff hits you!
* * * LOW HITPOINT WARNING * * *
The cane toad completely misses you.
Aiming: Wall Jump
Press: ? - help, Dir - move target You repeatedly attack the spriggan druid from above.
You completely miss the spriggan druid. Your touch misses the spriggan druid.
The spriggan druid is lightly wounded.
You hit the spriggan druid. You burn the spriggan druid.
The spriggan druid is lightly wounded.
You slash the spriggan druid! You burn the spriggan druid.
The spriggan druid is heavily wounded.
The spriggan druid hits you with a +1 spectral quarterstaff.
* * * LOW HITPOINT WARNING * * *
The +1 spectral quarterstaff misses you.
The cane toad completely misses you.
The spriggan druid calls out to the beasts of the wild!
The cane toad stings you!!
You die...

.............................
##P#P...♣♣#...♣####.........
##..♣♣♣♣♣♣♣♣♣♣ #.#.#.#+#.
##♣....♣♣ ♣.♣##.#.......
♣...♣.♣♣..♣.......>.+.
♣♣♣.....♣§♣...P.....#.
♣)..F.♣§§♣...........
♣.♣.i(§§♣ ♣...#.....#. #.
♣..♣F@♣§§§♣.........#. .#
♣..♣°♣°§♣♣♣...###..##. .+
♣...♣♣§§♣ ♣.......(... . ♣♣♣.
..♣ ♣#.#........
♣♣♣♣♣♣♣♣♣..P....†... ....
♣...#..........[.. ....
#...P...........## .....
##..........†..P## ^....
#..............##


You could see a spriggan druid, 2 cane toads and a +1 spectral quarterstaff.

Vanquished Creatures
  Erica (D:8)
  4 death yaks
  A spriggan druid (Lair:2)
  A lindwurm (Lair:2)
  Maurice (D:8)
  2 black mambas
  6 cane toads
  A rime drake (Lair:2)
  Psyche (D:8)
  A polar bear (Lair:2)
  2 hornets
  9 blink frogs (Lair:1)
  A wyvern (D:7)
  28 yaks
  2 steam dragons (D:9)
  12 water moccasins
  3 ice beasts
  5 orc warriors
  2 sky beasts
  5 black bears
  A crocodile (Sewer)
  22 wolves
  Blork the orc (D:6)
  A weeping skull (D:7)
  A brain worm (Sewer)
  A kobold brigand (D:6)
  8 bullfrogs
  A gnoll sergeant (D:6)
  5 scorpions
  3 killer bees (D:9)
  An electric eel (Lair:2)
  A howler monkey (D:8)
  2 bombardier beetles
  6 orc priests
  A hound (D:5)
  3 jellies
  2 gnoll boudas (D:7)
  5 sleepcaps
  4 iguanas
  10 orc wizards
  17 gnolls
  7 adders
  2 white imps
  2 ufetubi (D:5)
  A dart slug (D:1)
  A ribbon worm (D:3)
  32 orcs
  13 bats
  8 endoplasms
  9 giant cockroaches
  8 hobgoblins
  11 jackals
  4 quokkas
  5 ball pythons
  3 frilled lizards
  6 goblins
  14 kobolds
  2 rats
  A spectral orc (D:7)
313 creatures vanquished.

Vanquished Creatures (others)
  An orc wizard (D:4)
  An orc (D:8)
2 creatures vanquished.

Grand Total: 315 creatures vanquished

Notes
Turn   | Place    | Note
-------+----------+-------------------------------------------
     0 | D:1      | Rassilon the Demonspawn Monk began the quest for the Orb.
     0 | D:1      | Reached XP level 1. HP: 18/18 MP: 1/1
   104 | D:1      | Reached skill level 3 in Long Blades
   104 | D:1      | Gained mutation: Your touch may inflict minor irresistible
                  | damage on your foes. [demonic ancestry]
   104 | D:1      | Reached XP level 2. HP: 18/24 MP: 2/2
   277 | D:1      | Identified the +4 robe of the Distant Future {^Contam rN+
                  | Will+ rCorr}
   497 | D:1      | Gained mutation: You are surrounded by a mild repulsion
                  | field. (EV +2) [demonic ancestry]
   497 | D:1      | Reached XP level 3. HP: 28/29 MP: 3/3
  1143 | D:2      | Reached XP level 4. HP: 34/35 MP: 4/4
  1888 | D:3      | Found a faded altar of an unknown god.
  1909 | D:3      | Identified the +3 leather armour "Kaup Nole" {Harm Int+2}
  2077 | D:4      | Reached skill level 4 in Long Blades
  2159 | D:4      | Gained mutation: You sometimes gain a little power by
                  | taking damage. [demonic ancestry]
  2159 | D:4      | Reached XP level 5. HP: 41/42 MP: 5/5
  2309 | D:4      | Found a staircase to the Ecumenical Temple.
  2315 | Temple   | Entered the Ecumenical Temple
  2508 | D:4      | Noticed a black bear
  2521 | D:4      | Killed a black bear
  2622 | D:4      | Identified the amulet "Plog" {Faith ^Contam Dex+6}
  2653 | D:4      | Found an ornate altar of the Wu Jian Council.
  2663 | D:4      | Became a worshipper of the Wu Jian Council
  2663 | D:4      | Reached * piety under Wu Jian
  2663 | D:4      | Reached ** piety under Wu Jian
  2686 | D:4      | Gained mutation: You sometimes gain power by taking damage.
                  | [demonic ancestry]
  2686 | D:4      | Reached XP level 6. HP: 48/48 MP: 6/6
  2896 | D:4      | Reached skill level 5 in Long Blades
  2934 | D:4      | Found Keuj Aru's Armour Boutique.
  3239 | D:5      | Entered Level 5 of the Dungeon
  3241 | D:5      | Noticed a water moccasin
  3251 | D:5      | Killed a water moccasin
  3269 | D:5      | Gained mutation: You may rarely emit foul miasma when
                  | damaged in melee. [demonic ancestry]
  3269 | D:5      | Reached XP level 7. HP: 48/55 MP: 7/7
  3385 | D:5      | Reached skill level 5 in Fighting
  3408 | D:5      | Reached skill level 6 in Long Blades
  3527 | D:5      | Reached *** piety under Wu Jian
  3655 | D:5      | Reached skill level 5 in Dodging
  3655 | D:5      | Reached XP level 8. HP: 50/63 MP: 8/8
  3777 | D:5      | Found a glowing drain.
  3785 | Sewer    | Entered a sewer
  3996 | D:5      | Reached skill level 7 in Long Blades
  4207 | D:6      | Noticed Blork the orc
  4219 | D:6      | Reached skill level 1 in Spellcasting
  4221 | D:6      | Killed Blork the orc
  4397 | D:6      | Reached **** piety under Wu Jian
  4408 | D:6      | Reached XP level 9. HP: 46/71 MP: 11/11
  4417 | D:6      | Reached skill level 8 in Long Blades
  5210 | D:7      | Found a basalt altar of Yredelemnul.
  5652 | D:7      | Reached ***** piety under Wu Jian
  5671 | D:7      | Reached skill level 9 in Long Blades
  5988 | D:8      | Noticed Psyche
  5993 | D:8      | Noticed Maurice
  5999 | D:8      | Killed Psyche
  6004 | D:8      | Maurice stole a ring of protection from fire
  6010 | D:8      | Maurice stole an orb of mayhem
  6011 | D:8      | Killed Maurice
  6012 | D:8      | Gained mutation: You are powered by pain. [demonic
                  | ancestry]
  6012 | D:8      | Reached XP level 10. HP: 64/79 MP: 15/15
  6243 | D:8      | Identified the +7 hand axe "Feuk" {elec, +Blink rF+}
  6283 | D:8      | Noticed Erica
  6298 | D:8      | Killed Erica
  6453 | D:8      | Found a stormy altar of Qazlal.
  6479 | D:8      | Found a runed translucent door.
  6483 | D:8      | Noticed mdonais's ghost (novice HuDe)
  6483 | D:8      | Noticed a centaur warrior
  6653 | D:8      | Learned a level 3 spell: Confusing Touch
  6657 | D:8      | Reached skill level 10 in Long Blades
  6810 | D:9      | Found a staircase to the Lair.
  6886 | D:9      | Found a large runed translucent door.
  6886 | D:9      | Found a large runed translucent door.
  6887 | D:9      | Noticed Vila42's ghost (novice GrMo)
  7090 | D:9      | Found a hide-covered altar of Uskayaw.
  7123 | D:9      | Reached skill level 5 in Spellcasting
  7615 | D:9      | Gained mutation: You sometimes emit foul miasma when
                  | damaged in melee. [demonic ancestry]
  7615 | D:9      | Reached XP level 11. HP: 87/87 MP: 18/18
  7825 | Lair:1   | Entered Level 1 of the Lair of Beasts
  7848 | Lair:1   | Reached skill level 11 in Long Blades
  7980 | Lair:1   | Identified the ring of Plog {Fly rC+ Will+}
  8170 | Lair:1   | Noticed a death yak
  8171 | Lair:1   | Noticed a death yak
  8199 | Lair:1   | Noticed a death yak
  8199 | Lair:1   | Noticed a death yak
  8201 | Lair:1   | Killed a death yak
  8440 | D:9      | Killed a death yak
  8443 | D:9      | Killed a death yak
  8619 | D:9      | Killed a death yak
  8819 | Lair:1   | Identified the +7 dagger of World Downfall {protect, Str-5
                  | Int+2 Stlth+}
  8870 | Lair:1   | Reached skill level 1 in Shapeshifting
  9175 | Lair:1   | Reached skill level 12 in Long Blades
  9421 | Lair:1   | Gained mutation: You are surrounded by a moderate repulsion
                  | field. (EV +3) [demonic ancestry]
  9421 | Lair:1   | Reached XP level 12. HP: 91/97 MP: 21/21
  9840 | Lair:2   | Reached ****** piety under Wu Jian
 10007 | Lair:2   | Reached skill level 10 in Fighting
 10282 | Lair:2   | Reached skill level 1 in Unarmed Combat
 10344 | Lair:2   | Demolished by a cane toad

Illustrated notes

Levels and vault maps discovered:
D:1:      lightli_arrival_noodles, layout_basic, dk_noncrumbling_4
D:2:      layout_basic
D:3:      layout_loops_cross, hellmonk_ecumenical_altar_dog_temple
D:4:      layout_loops_corners, elyvilon_altar_1, nzn_wu_jian_contemplation,
          temple_green, serial_shops, nicolae_shop_crystal
D:5:      layout_cave_pools, portal_sewer_entry_f
D:6:      layout_rooms, uniq_blork_the_orc
D:7:      layout_gridville, yredelemnul_forgotten_temple_becter
D:8:      layout_gridville, tso_metal_star, lemuel_tele_altar,
          ebering_ghost_inner_flame, uniq_psyche, uniq_erica, uniq_maurice
D:9:      layout_roguey, mainiacjoe_overflow_six_doors_small, lair_entry_dummy,
          ebering_ghost_disaster_area, minmay_orc_keep
Temple:   nicolae_temple_slightly_damp_pantheon
Lair:1:   layout_chaotic_city, chequers_serial_rivers_micro_a
Lair:2:   layout_chaotic_city, mainiacjoe_swamp_entry_angry_trees, worms_lemuel,
          grunt_megastairs_4, lemuel_fruit_tree, infiniplex_staircase_pool

Skill      XL: |  1  2  3  4  5  6  7  8  9 10 11 12 |
---------------+-------------------------------------+-----
Long Blades    | 3 4 5 6 7 9 10 12 | 12.6
Dodging        | 3 4 5 6 7 8 9 |  9.3
Fighting       | 4 5 6 7 8 9 10 | 10.0
Spellcasting   | 1 3 5 6 7 |  7.2
Shapeshifting  | 2 3 |  3.1
Unarmed Combat | 1 |  1.2
Evocations     | |  0.4

Action                     |  1- 3 |  4- 6 |  7- 9 | 10-12 || total
---------------------------+-------+-------+-------+-------++-------
  Melee: Falchion          |   100 |   132 |   415 |    37 ||   684
         Touch             |    13 |    28 |    94 |    71 ||   206
         Punch             |       |     2 |     4 |     8 ||    14
         Scimitar          |       |       |       |   443 ||   443
         Hand axe          |       |       |       |    13 ||    13
 Invoke: Serpent's Lash    |       |       |       |     1 ||     1
Ability: Whirlwind         |       |     5 |   201 |   246 ||   452
         Lunge             |       |     5 |    29 |    33 ||    67
         Wall Jump         |       |     1 |    32 |    31 ||    64
    Use: Scroll            |     2 |     9 |     7 |     1 ||    19
         Potion            |       |       |     1 |     3 ||     4
   Stab: Sleeping          |     3 |     4 |     5 |     4 ||    16
 Armour: Robe              |    53 |    60 |   149 |   180 ||   442
  Dodge: Dodged            |    82 |   100 |   352 |   378 ||   912
